 Dungeon Crawl Stone Soup version bcrawl-1.23.3-19-gdc5968f444 (webtiles) character file.

Game seed: 5173666502854847179

28 Freyura the Skirmisher (level 2, 0/24 HPs)
             Began as a Demonspawn Abyssal Knight on June 6, 2020.
             Was a Follower of Lugonu.
             Slain by a worm (7 damage)
             ... on level 1 of the Dungeon.
             The game lasted 00:01:39 (690 turns).

Freyura the Skirmisher (Demonspawn Abyssal Knight)   Turns: 690, Time: 00:01:39

Health: 0/24       AC:  5    Str: 12    XL:     2   Next: 96%
Magic:  4/4        EV: 10    Int: 13    God:    Lugonu [*.....]
Gold:   51         SH:  4    Dex: 12    Spells: 1/1 levels left

rFire    . . .     SeeInvis .   a - +1 mace
rCold    . . .     Gourm    .   (no shield)
rNeg     . . .     Faith    .   h - +0 ring mail
rPois    .         Spirit   .   (no helmet)
rElec    .         Reflect  .   (no cloak)
rCorr    .         Harm     .   (no gloves)
MR       .....                  (no boots)
Stlth    +.........             (no amulet)
HPRegen  0.08/turn              (no ring)
MPRegen  0.09/turn              (no ring)

@: no status effects
A: large bone plates 1
a: Depart the Abyss, Bend Space, Renounce Religion


You were on level 1 of the Dungeon.
You worshipped Lugonu.
Lugonu was aware of your devotion.
You were not hungry.

You visited 1 branch of the dungeon, and saw 1 of its levels.
You visited the Abyss 1 time.

You collected 51 gold pieces.

Inventory:

Hand Weapons
 a - a +1 mace (weapon)
Missiles
 c - 10 tomahawks of dispersal (quivered)
 d - 694 stones
Armour
 b - a +0 leather armour
 h - a +0 ring mail (worn)
Jewellery
 m - an uncursed amulet of guardian spirit {unknown}
Scrolls
 f - a scroll of immolation {unknown}
 g - a scroll of amnesia {unknown}
 i - 2 scrolls of identify {unknown}
 l - a scroll of fog {unknown}
 n - a scroll of teleportation {unknown}
Potions
 j - a potion of agility {unknown}
 k - a potion of curing {unknown}
 o - a potion of mutation {unknown}
Comestibles
 e - 4 rations {!d}


   Skills:
 + Level 3.2 Fighting
 * Level 2.3 Maces & Flails
 - Level 0.8 Throwing
 + Level 2.0 Armour
 + Level 1.3 Dodging
 + Level 3.0 Invocations


You had one spell level left.
You didn't know any spells.
Your spell library was empty.

Dungeon Overview and Level Annotations

Branches:
Dungeon (1/12)

Altars:


Innate Abilities, Weirdness & Mutations

You are partially covered in large bone plates. (SH +4)


Message History

You hit the goblin.
You kill the goblin!
Lugonu accepts your kill.
No target in view!
o - a lumpy sapphire potion A worm comes into view.
You hit the worm but do no damage. The worm bites you!
You are too injured to fight recklessly!
You are too injured to fight recklessly!
You are too injured to fight recklessly!
You barely miss the worm. You completely miss the worm. The worm bites you!
* * * LOW HITPOINT WARNING * * *
You hit the worm.
The worm is moderately wounded.
The worm barely misses you.
You hit the worm.
The worm is heavily wounded.
The worm bites you!
You die...

#.<.###.........## #.##..#
#....##........## ###.##..#
##...##....#..## #...###.##
#........##########...###..##
####....## #.........)#......
###### #.#........#.##..#
#.#).......#....>.
#w#.####......#.#.
#@#....#.####.#.#.
#...........#.#.#.
###.##.####.#.#...
#.#...........##
#.#######.#.#...
#...........#.##
####......###.# #.########.#
#######.#........#


You could see a worm.

Vanquished Creatures
  An ooze (D:1)
  2 dart slugs (D:1)
  2 bats (D:1)
  A giant cockroach (D:1)
  2 goblins (D:1)
  A hobgoblin (D:1)
  4 jackals (D:1)
  2 frilled lizards (D:1)
  2 kobolds (D:1)
  A rat (D:1)
18 creatures vanquished.

Notes
Turn   | Place    | Note
-------+----------+-------------------------------------------
     0 | Abyss:1  | Freyura the Demonspawn Abyssal Knight began the quest for
                  | the Orb.
     0 | Abyss:1  | Reached XP level 1. HP: 18/18 MP: 2/2
     6 | Abyss:1  | Found a corrupted altar of Lugonu.
    11 | D:1      | Escaped the Abyss
   200 | D:1      | Reached skill level 1 in Dodging
   321 | D:1      | Gained mutation: You are partially covered in large bone
                  | plates. (SH +4) [demonic ancestry]
   321 | D:1      | Reached XP level 2. HP: 23/24 MP: 4/4
   690 | D:1      | Slain by a worm

Skill      XL: |  1  2 |
---------------+-------+-----
Maces & Flails | 2 |  2.3
Dodging        | 1 |  1.3
Armour         | 2 |  2.0
Invocations    | 3 |  3.0
Fighting       | |  3.2
Throwing       | |  0.8

Action                   || total
-------------------------++-------
Melee: Mace              ||    58
Armor: Leather armour    ||     3
       Ring mail         ||    13
Dodge: Dodged            ||    25
Block: Other             ||     5
